 Dungeon Crawl Stone Soup version 0.26-a0-708-g17f3b190f9 (webtiles) character file.

Game seed: 3736908770755341745

38 sauken the Slasher (level 3, 0/28 HPs)
             Began as a Demonspawn Gladiator on Oct 27, 2020.
             Slain by a lemure (2 damage)
             ... led by Pikel
             ... on level 4 of the Dungeon.
             The game lasted 00:01:46 (1416 turns).

sauken the Slasher (Demonspawn Gladiator)           Turns: 1416, Time: 00:01:47

Health: 0/28       AC:  4    Str: 15    XL:     3   Next: 25%
Magic:  3/3        EV: 12    Int:  9    God:
Gold:   86         SH:  0    Dex: 14    Spells: 2/2 levels left

rFire    . . .     SeeInvis .   k - +0 dagger (venom)
rCold    + . .     Faith    .   (no shield)
rNeg     . . .     Spirit   .   b - +0 leather armour
rPois    .         Reflect  .   l - +0 helmet
rElec    .         Harm     .   (no cloak)
rCorr    .         Rampage  .   (no gloves)
MR       .....                  (no boots)
Stlth    +.........             (no amulet)
HPRegen  0.09/turn              (no ring)
MPRegen  0.08/turn              (no ring)

@: about to teleport
A: cold resistance 1
a: no special abilities


You were on level 4 of the Dungeon.
You visited 1 branch of the dungeon, and saw 3 of its levels.

You collected 86 gold pieces.

Inventory:

Hand Weapons
 a - a +0 long sword
 k - a +0 dagger of venom (weapon)
Missiles
 d - 3 throwing nets (quivered)
Armour
 b - a +0 leather armour (worn)
 c - a +0 helmet
 l - a +0 helmet (worn)
Scrolls
 f - a scroll of remove curse
 g - a scroll of identify
 h - a scroll of random uselessness
 j - a scroll of noise {unknown}
 m - a scroll of fog {unknown}
Potions
 e - a potion of might {unknown}


   Skills:
 + Level 2.6 Fighting
 * Level 3.6 Long Blades
 - Level 1.7 Throwing
 - Level 2.6 Dodging


You had 2 spell levels left.
You didn't know any spells.
Your spell library was empty.

Dungeon Overview and Level Annotations

Branches:
Dungeon (2/15)

Altars:

Annotations:
D:4 Ijyb, Pikel


Innate Abilities, Weirdness & Mutations

Your flesh is cold resistant. (rC+)


Message History

The lemure hits you but does no damage.
You shred the net and break free! The lemure hits you.
The hound bites you but does no damage. The lemure closely misses you.
Unknown command.
You hit the lemure but do no damage.
The lemure is poisoned.
The hound closely misses you. The gnoll misses you.
A giant cockroach comes into view.
Ijyb the Twisted Goblin comes into view.
She is wielding a +0 club and carrying a wand of disintegration (13).
The lemure misses you. The hound barely misses you.
Ijyb shouts!
Ijyb zaps a wand.
You are blasted!
Ouch! That really hurt!
* * * LOW HITPOINT WARNING * * *
Unknown command.
Okay, then.
As you read the scroll labeled WIKLOM GESOCH, it crumbles to dust.
You feel strangely unstable.
It was a scroll of teleportation.
A giant cockroach comes into view.
The lemure hits you.
You die...

.##.... .......
....... ..g....
......B ##
.......
...########....#
#.....5K5@h...#
#.....5.ghg...+
#....5.......#
...###ghg#....#
#...###### #...#
.B.... ........
..........#


You could see Pikel (resistant), 4 lemures, Ijyb, a hound, 4 gnolls, 2 jackals
and 2 giant cockroaches.

Vanquished Creatures
  A dart slug (D:1)
  A ball python (D:1)
  8 bats
  2 giant cockroaches (D:1)
  5 hobgoblins
  A jackal (D:2)
  4 kobolds (D:1)
  3 frilled lizards
  4 goblins (D:1)
  2 rats
31 creatures vanquished.

Notes
Turn   | Place    | Note
-------+----------+-------------------------------------------
     0 | D:1      | sauken the Demonspawn Gladiator began the quest for the
                  | Orb.
     0 | D:1      | Reached XP level 1. HP: 16/16 MP: 1/1
   259 | D:1      | Reached skill level 3 in Long Blades
   262 | D:1      | Gained mutation: Your flesh is cold resistant. (rC+)
                  | [demonic ancestry]
   262 | D:1      | Reached XP level 2. HP: 19/22 MP: 2/2
  1003 | D:1      | Reached XP level 3. HP: 25/28 MP: 3/3
  1406 | D:2      | You fall into a shaft and drop 2 floors!
  1406 | D:4      | Noticed a lemure
  1406 | D:4      | Noticed a lemure
  1407 | D:4      | Noticed Pikel
  1407 | D:4      | Noticed a lemure
  1407 | D:4      | Noticed a lemure
  1413 | D:4      | Noticed Ijyb
  1416 | D:4      | Slain by a lemure

Illustrated notes

Levels and vault maps discovered:
D:1:      ebering_hopf_link, layout_basic
D:2:      layout_rooms, nicolae_overflow_hidden_temple
D:4:      layout_basic, nicolae_ru_path_of_blood, serial_corexii_hall,
          chequers_hall_statues_corner_a, corexii_hall_statues_i,
          chequers_hall_statues_corner_a, corexii_hall_statues_i, uniq_ijyb,
          uniq_pikel, uniq_edmund

Skill      XL: |  1 |
---------------+----+-----
Long Blades    | 3 |  3.6
Fighting       | |  2.6
Throwing       | |  1.7
Dodging        | |  2.6

Action                   || total
-------------------------++-------
Melee: Long sword        ||    59
       Dagger            ||    25
  Use: Scroll            ||     3
 Stab: Sleeping          ||     1
Armor: Leather armour    ||    40
Dodge: Dodged            ||    73
       Rpst.: Long sword ||     9

Table legend: (Time is in decaauts)
 A = Elapsed time spent in this place.
 B = Non-inter-level travel time spent in this place.
 C = Inter-level travel time spent in this place.
 D = Time resting spent in this place.
 E = Time spent auto-exploring this place.
 F = Levels seen in this place.
 G = Mean time per level.
                   A        B        C        D        E       F      G
               +--------+--------+--------+--------+--------+-----+--------+
         Total |   1426 |   1319 |    107 |      0 |   1057 |   3 |  475.3 |
       Dungeon |   1426 |   1319 |    107 |      0 |   1057 |   3 |  475.3 |
               +--------+--------+--------+--------+--------+-----+--------+

Top non-repeatable levels by time:
     D:1: 1304 daAuts
     D:2: 112 daAuts
     D:4: 9 daAuts
